 Dungeon Crawl Stone Soup version 0.28-a0-445-g51f8dfeb47 (webtiles) character file.

Game seed: 7027417053028770377

351 hofbold the Shooter (level 6, 0/51 HPs)
             Began as a Minotaur Hunter on Sept 13, 2021.
             Slain by an orc (2 damage)
             ... on level 3 of the Dungeon.
             The game lasted 00:08:03 (3900 turns).

hofbold the Shooter (Minotaur Hunter)               Turns: 3900, Time: 00:08:04

Health: 0/51       AC:  7    Str: 17    XL:     6   Next: 34%
Magic:  6/6        EV: 10    Int:  8    God:
Gold:   105        SH:  0    Dex: 12    Spells: 5/5 levels left

rFire   . . .      SeeInvis .   q - +0 short sword (elec)
rCold   . . .      Faith    .   (no shield)
rNeg    . . .      Spirit   .   h - +1 scale mail
rPois   .          Reflect  .   (helmet restricted)
rElec   .          Harm     .   (no cloak)
rCorr   .          Rampage  .   (no gloves)
Will    .....                   (no boots)
Stlth   ..........              (no amulet)
HPRegen 0.17/turn               (no ring)
MPRegen 0.10/turn               (no ring)

@: lethally poisoned (0 -> -14)
A: horns 2, retaliatory headbutt
a: no special abilities


You were on level 3 of the Dungeon.
You visited 1 branch of the dungeon, and saw 4 of its levels.

You collected 105 gold pieces.

Inventory:

Hand Weapons
 a - a +1 shortbow
 q - a +0 short sword of electrocution (weapon)
Missiles
 d - 12 poisoned darts (quivered)
 j - 29 bolts
 p - 4 arrows
Armour
 c - a +0 leather armour
 h - a +1 scale mail (worn)
Wands
 o - a wand of flame (2)
Scrolls
 b - a scroll of brand weapon {unknown}
 f - a scroll of fear {unknown}
 g - a scroll of enchant armour
 k - a scroll of summoning {unknown}
 l - a scroll of amnesia {unknown}
 m - a scroll of identify
 n - a scroll of vulnerability {unknown}
Potions
 e - a potion of might
 i - 3 potions of brilliance {unknown}


   Skills:
 + Level 3.6 Fighting
 + Level 0.1 Short Blades
 + Level 5.0 Bows
 + Level 2.1 Crossbows
 + Level 0.9 Throwing
 + Level 2.4 Armour
 + Level 3.2 Dodging
 + Level 1.9 Stealth
 + Level 1.9 Invocations
 + Level 1.6 Evocations


You had 5 spell levels left.
You didn't know any spells.
Your spell library contained the following spells:

 Spells                   Type           Power      Damage    Failure   Level
 Freeze                   Ice            0%         1d3       82%         1
 Blink                    Tloc           N/A        N/A       91%         2
 Frozen Ramparts          Ice            0%         1d2       99%         3
 Lesser Beckoning         Tloc           0%         N/A       99%         3
 Hailstorm                Conj/Ice       0%         3d3       100%        4
 Manifold Assault         Tloc           0%         N/A       100%        5


Dungeon Overview and Level Annotations

Branches:
Dungeon (4/15)
 Temple: D:4-7

Altars:


Innate Abilities, Weirdness & Mutations

You have a pair of horns on your head.
You reflexively headbutt those who attack you in melee.


Message History

You hit the orc.
You kill the orc!
Something hits you but does no damage. The orc hits you but does no damage.
You barely miss the orc.
You hear some strange, mumbled words.
A puff of flame appears from out of thin air!
The puff of flame hits you! The orc closely misses you. x2
You are too injured to fight recklessly!
You hear some strange, mumbled words.
Something tries to affect you, but you resist.
The orc hits you with a +0 falchion. The orc hits you but does no damage.
You climb upwards.
Reactivating autopickup.
There is a stone staircase leading down here.
Deactivating autopickup; reactivate with Ctrl-A.
You hit something. Something hits you but does no damage.
The hobgoblin hits you from afar with a +2 spear of venom!
The orc barely misses you. x2
You hear some strange, mumbled words.
Something tries to affect you, but you resist.
The hobgoblin hits you but does no damage.
You are poisoned.
Your scale mail prevents you from hitting something.
You feel very sick. The orc hits you but does no damage.
The orc hits you with a +0 dagger.
* * * LOW HITPOINT WARNING * * *
The hobgoblin closely misses you. Something hits you but does no damage.
The orc hits you with a +0 falchion.
* * * LOW HITPOINT WARNING * * *
You barely miss something. You headbutt something!
You feel sick. The orc hits you with a +0 dagger.
* * * LOW HITPOINT WARNING * * *
Something hits you but does no damage.
The hobgoblin hits you from afar with a +2 spear of venom.
* * * LOW HITPOINT WARNING * * *
You are more poisoned.
The orc misses you. You furiously retaliate!
You headbutt the orc!
You kill the orc!
The orc hits you with a +0 dagger.
You die...

.##..............# #.#
.##.###.......#### #.#
รท#.#.##.......#### #.#
..###............# #.#
##.#.##.......##.# #.#
#..###.......##.# #.# #.##
#.......##.###.# # #)#
####..####{....############ #.#
#.....)@og.............. #)#
##.########.##.#######.# #)# #.#
#.##.########. #.#
#.########.##........##
#.########.#........#########)##
#............##.....# #.).
##########..........############
######.................
##...#############


You could see an orc and a hobgoblin.

Vanquished Creatures
  A phantom (D:3)
  A hound (D:3)
  Ijyb (D:3)
  3 orc wizards (D:3)
  3 adders
  4 gnolls
  A white imp (D:4)
  2 worms (D:3)
  8 orcs
  6 ball pythons
  A bat (D:1)
  4 endoplasms
  A giant cockroach (D:2)
  4 goblins
  7 hobgoblins
  2 jackals (D:2)
  5 kobolds
  5 quokkas
  5 frilled lizards
  8 rats
72 creatures vanquished.

Notes
Turn   | Place    | Note
-------+----------+-------------------------------------------
     0 | D:1      | hofbold the Minotaur Hunter began the quest for the Orb.
     0 | D:1      | Reached XP level 1. HP: 18/18 MP: 0/0
   106 | D:1      | Reached skill level 1 in Stealth
   130 | D:1      | Reached XP level 2. HP: 25/25 MP: 1/1
   532 | D:1      | Found a faded altar of an unknown god.
   864 | D:2      | Reached XP level 3. HP: 24/30 MP: 2/2
   985 | D:2      | Reached skill level 1 in Crossbows
  1021 | D:2      | Reached skill level 1 in Armour
  1428 | D:3      | Reached skill level 1 in Invocations
  1527 | D:3      | Reached skill level 1 in Evocations
  1660 | D:3      | Reached XP level 4. HP: 38/38 MP: 3/3
  2153 | D:3      | Noticed a phantom
  2281 | D:3      | Reached XP level 5. HP: 20/45 MP: 3/5
  2777 | D:3      | Noticed Ijyb
  2792 | D:3      | Killed Ijyb
  2957 | D:3      | Killed a phantom
  2958 | D:3      | Reached XP level 6. HP: 26/51 MP: 6/6
  3892 | D:4      | Reached skill level 5 in Bows
  3900 | D:3      | HP: 2/51 [hobgoblin (5)]
  3900 | D:3      | Slain by an orc

Illustrated notes

Levels and vault maps discovered:
D:1:      dpeg_arrival_rooms_with_view, layout_basic,
          chequers_ecumenical_altar_lobes, grunt_decor_arrowhead
D:2:      layout_basic, hangedman_feature_mirror, hangedman_decor_peaks_small
D:3:      layout_loops_ring, uniq_ijyb
D:4:      minmay_chambers_of_threes, layout_basic

Skill      XL: |  1  2  3  4  5  6 |
---------------+-------------------+-----
Stealth        | 1 |  1.9
Crossbows      | 1 2 |  2.1
Armour         | 1 2 |  2.4
Fighting       | 3 |  3.6
Invocations    | 1 |  1.9
Evocations     | 1 |  1.6
Dodging        | 3 |  3.2
Bows           | 5 |  5.0
Short Blades   | |  0.1
Throwing       | |  0.9

Action                   |  1- 3 |  4- 6 || total
-------------------------+-------+-------++-------
Melee: Short sword       |    56 |    60 ||   116
       Headbutt          |     8 |     8 ||    16
 Fire: Shortbow          |    75 |    23 ||    98
Throw: Dart              |       |    34 ||    34
Evoke: Wand              |       |    11 ||    11
  Use: Scroll            |       |     2 ||     2
       Potion            |       |     1 ||     1
Armor: Scale mail        |    27 |    46 ||    73
       Leather armour    |     4 |       ||     4
Dodge: Dodged            |    31 |    41 ||    72

Table legend: (Time is in decaauts)
 A = Elapsed time spent in this place.
 B = Non-inter-level travel time spent in this place.
 C = Inter-level travel time spent in this place.
 D = Time resting spent in this place.
 E = Time spent auto-exploring this place.
 F = Levels seen in this place.
 G = Mean time per level.
                   A        B        C        D        E       F      G
               +--------+--------+--------+--------+--------+-----+--------+
         Total |   3914 |   3735 |    179 |    831 |   2251 |   4 |  978.5 |
       Dungeon |   3914 |   3735 |    179 |    831 |   2251 |   4 |  978.5 |
               +--------+--------+--------+--------+--------+-----+--------+

Top non-repeatable levels by time:
     D:3: 2072 daAuts
     D:2: 989 daAuts
     D:1: 832 daAuts
     D:4: 19 daAuts
